 Dungeon Crawl Stone Soup version 0.15-a0-429-gf5d7e11 (webtiles) character file.

2430 PolkaDot the Jinx (level 9, -2/57 HPs)
             Began as a Vampire Enchanter on May 6, 2014.
             Was an Initiate of Dithmenos.
             Slain by an orc warrior
             ... wielding a +1,+3 dire flail
              (24 damage)
             ... on Level 7 of the Dungeon.
             The game lasted 00:40:07 (6448 turns).

PolkaDot the Jinx (Vampire Enchanter)               Turns: 6448, Time: 00:40:07

HP  -2/57        AC  5     Str 14      XL: 9   Next:  9%
MP   8/14        EV 12     Int 17      God: Dithmenos [......]
Gold 296         SH  9     Dex 20      Spells:  5 memorised,  1 level left

rFire  . . .     SeeInvis +     z - +0 dagger
rCold  + + .     Clarity  .     b - +1 robe (curse)
rNeg   + + +     Conserve .     k - +0 buckler
rPois  +         rCorr    .     (no helmet)
rElec  .         rRot     +     v - +0 cloak
SustAb . .       Spirit   .     (no gloves)
rMut   .         Warding  .     q - +0 pair of boots
Saprov . . .     Stasis   .     (no amulet)
MR     ++...                    e - ring of Yschiucs {MR++ Str+3 Dex+3 Dam+5}
                                m - +4 ring of strength

@: non-regenerating, very resistant to hostile enchantments, extremely stealthy
A: bottle blood, fangs 3, see invisible, unbreathing
a: Bat Form, Bottle Blood, Renounce Religion


You were on level 7 of the Dungeon.
You worshipped Dithmenos.
Dithmenos was noncommittal.
You were bloodless.

You visited 2 branches of the dungeon, and saw 8 of its levels.

You collected 296 gold pieces.

Inventory:

Hand weapons
 z - a +0,+0 dagger (weapon)
Missiles
 d - 12 darts (quivered)
Armour
 b - a cursed +1 robe (worn)
 k - a +0 buckler (worn)
 q - a +0 pair of boots (worn)
 v - a +0 cloak (worn)
Magical devices
 t - a wand of digging (15)
 u - a wand of digging (7)
 x - a wand of paralysis (13) {unknown}
 y - a wand of slowing (9) {unknown}
 A - a wand of digging (12)
Scrolls
 f - 3 scrolls of remove curse
 h - 3 scrolls of fog
 i - a scroll of recharging
 j - 7 scrolls of teleportation
 n - 2 scrolls of noise
 o - a scroll of blinking {unknown}
 r - a scroll of enchant armour {unknown}
Jewellery
 e - the ring of Yschiucs (right hand) {MR++ Str+3 Dex+3 Dam+5}
   (You found it on level 4 of the Dungeon)

   [ring of strength]

   It affects your strength (+3).
   It affects your dexterity (+3).
   It affects your damage with ranged weapons and melee attacks (+5).
   It affects your resistance to hostile enchantments.
 m - a +4 ring of strength (left hand)
 p - an uncursed ring of protection from magic
Potions
 a - a potion of mutation {!q}
 g - a potion of agility
 l - 3 potions of curing
 s - 2 potions of magic
 w - a potion of brilliance {unknown}
 C - a potion of might
Books
 c - a book of Maledictions

   Spells                             Type                      Level
   *Corona                            Hexes                        1
   *Sure Blade                        Hexes/Charms                 2
   *Ensorcelled Hibernation           Hexes/Ice                    2
   *Confuse                           Hexes                        3
   *Dazzling Spray                    Conjuration/Hexes            3
   Enslavement                        Hexes                        4


   Skills:
 - Level 2.0 Short Blades
 - Level 0.7 Throwing
 - Level 2.1 Dodging
 + Level 11.7 Stealth
 - Level 2.0 Spellcasting
 * Level 12.3 Hexes
 + Level 4.0 Charms


You had one spell level left.
You knew the following spells:

 Your Spells              Type           Power        Failure   Level  Hunger
a - Corona                Hex            #####..      1%          1    #......
b - Sure Blade            Hex/Chrm       ####......   1%          2    ###....
c - Confuse               Hex            #####...     1%          3    ####...
d - Ensorcelled Hibernat  Hex/Ice        ###...       2%          2    ###....
s - Dazzling Spray        Conj/Hex       ###.....     8%          3    ####...


Dungeon Overview and Level Annotations

Branches:
Dungeon (7/15)             Temple (1/1) D:7

Altars:
Dithmenos
Elyvilon
Fedhas
Kikubaaqudgha
Makhleb
Nemelex Xobeh
Okawaru
Sif Muna
Trog
Vehumet
Xom
Yredelemnul
Zin
The Shining One

Shops:
D:6 [


Innate Abilities, Weirdness & Mutations

You do not heal naturally.
You can bottle blood from corpses.
You have razor-sharp teeth.*
You have supernaturally acute eyesight.
You can survive without breathing.*


Message History

The orc wizard picks up a whip.
The orc wizard wields a whip.
The orc warrior hits you with a runed dire flail!
Casting: Ensorcelled Hibernation
Confirm with . or Enter, or press ? or * to list all spells.
Aiming: Ensorcelled Hibernation
Press: ? - help, Shift-Dir - straight line, f - orc warrior, p - orc wizard
Aim: an orc warrior, wielding a runed dire flail and wearing a plate armour The orc warrior resists with significant effort.
The orc wizard points at you and mumbles some strange words.
The puff of flame hits you! The orc wizard misses you.
The orc throws a tomahawk.
The tomahawk misses the orc wizard.
The tomahawk closely misses you.
Casting: Ensorcelled Hibernation
Confirm with . or Enter, or press ? or * to list all spells.
Aiming: Ensorcelled Hibernation
Press: ? - help, Shift-Dir - straight line, f/p - orc warrior
Aim: an orc warrior, wielding a runed dire flail and wearing a plate armour The orc warrior resists with significant effort.
The orc warrior hits you with a runed dire flail!
You die...

...... #...##...⌠..).
...$... #.............
.......###......⌠.>.⌠..
......................#
...................⌠....
.....###......(........#
... #.(..............
......###................
......oo@$.......<.......
.......oo.......<.<......
...................)....
....o###................
..... #................
/.. #...............# .
................#
................ #
.........


You could see an orc warrior, 2 orc wizards and 2 orcs.

Vanquished Creatures
  Menkaure (D:6)
  A necrophage (D:5)
  An ice beast (D:6)
  A sky beast (D:6)
  An ogre (D:5)
  A black bear (D:6)
  Sigmund (D:5)
  Duvessa (D:4)
  Blork the orc (D:6)
  4 giant frogs
  3 electric eels (D:6)
  2 crimson imps
  Dowan (D:4)
  2 jellies (D:5)
  A quasit (D:6)
  3 orc priests
  2 big fish (D:6)
  2 orc wizards
  Natasha (thrice) (D:6)
  5 worker ants
  3 iguanas
  2 ogre zombies
  A big kobold zombie (D:3)
  A hound zombie (D:5)
  10 adders
  A scorpion zombie (D:5)
  A shadow imp (D:5)
  2 giant mites
  3 worms
  3 giant geckos
  3 oozes
  19 orcs
  17 bats
  3 giant cockroaches (D:1)
  9 goblins
  15 hobgoblins
  4 jackals
  13 kobolds
  4 quokkas
  3 ball pythons
  A giant gecko skeleton (D:5)
  5 giant newts
  A giant spore (D:6)
  10 rats
171 creatures vanquished.

Notes
Turn   | Place    | Note
--------------------------------------------------------------
     0 | D:1      | PolkaDot, the Vampire Enchanter, began the quest for the Orb.
     0 | D:1      | Reached XP level 1. HP: 13/13 MP: 3/3
   236 | D:1      | Reached XP level 2. HP: 13/19 MP: 1/4
   575 | D:1      | Learned a level 2 spell: Ensorcelled Hibernation
   657 | D:1      | Reached skill level 5 in Hexes
   857 | D:1      | Reached XP level 3. HP: 24/24 MP: 6/6
  1878 | D:2      | Reached skill level 5 in Stealth
  2068 | D:2      | Reached XP level 4. HP: 30/30 MP: 0/7
  2715 | D:3      | Reached skill level 6 in Hexes
  2735 | D:3      | HP: 1/30 [orc/falchion (7)]
  2874 | D:3      | Reached XP level 5. HP: 35/35 MP: 6/9
  3072 | D:3      | Learned a level 3 spell: Confuse
  3718 | D:4      | Found a bloodstained altar of Trog.
  3732 | D:4      | Reached skill level 7 in Hexes
  3736 | D:4      | Got a shimmering amber ring
  3737 | D:4      | Identified the ring of Yschiucs {MR++ Str+3 Dex+3 Dam+5} (You found it on level 4 of the Dungeon)
  3834 | D:4      | Noticed Dowan
  3836 | D:4      | Noticed Duvessa
  3840 | D:4      | Killed Duvessa
  3840 | D:4      | Reached XP level 6. HP: 41/41 MP: 7/10
  3844 | D:4      | Killed Dowan
  3942 | D:4      | Reached skill level 8 in Stealth
  4240 | D:4      | Reached XP level 7. HP: 28/46 MP: 9/12
  4542 | D:5      | Entered Level 5 of the Dungeon
  4580 | D:5      | Reached skill level 9 in Stealth
  4700 | D:5      | Reached skill level 10 in Stealth
  4727 | D:5      | Noticed Sigmund
  4752 | D:5      | Killed Sigmund
  4752 | D:5      | Reached skill level 10 in Hexes
  4759 | D:5      | Reached XP level 8. HP: 52/52 MP: 6/13
  4763 | D:5      | Learned a level 2 spell: Sure Blade
  4767 | D:5      | Learned a level 3 spell: Dazzling Spray
  5002 | D:6      | Reached skill level 1 in Charms
  5018 | D:6      | Found a white marble altar of Elyvilon.
  5170 | D:6      | Noticed Menkaure
  5178 | D:6      | Killed Menkaure
  5178 | D:6      | Reached skill level 11 in Stealth
  5432 | D:6      | Noticed Natasha
  5710 | D:6      | Noticed Blork the orc
  5723 | D:6      | Killed Blork the orc
  5782 | D:6      | Found Omaqaist's Antique Armour Shoppe.
  5852 | D:6      | Reached skill level 12 in Hexes
  5890 | D:6      | Reached XP level 9. HP: 38/57 MP: 3/14
  6071 | D:6      | Killed Natasha
  6236 | D:7      | Found a staircase to the Ecumenical Temple.
  6245 | Temple   | Entered the Ecumenical Temple
  6327 | Temple   | Became a worshipper of Dithmenos the Shadowed
  6366 | D:6      | Noticed Natasha
  6389 | D:6      | Killed Natasha
  6393 | D:6      | Noticed Natasha
  6406 | D:6      | Killed Natasha
  6448 | D:7      | Slain by an orc warrior

Action                   |  1- 3 |  4- 6 |  7- 9 || total
-------------------------+-------+-------+-------++-------
Melee: Dagger            |   133 |   107 |   108 ||   348
Throw: Dart              |     7 |       |     1 ||     8
 Cast: Corona            |     7 |       |       ||     7
       Ensorcelled Hiber |    22 |    48 |    44 ||   114
       Confuse           |       |     1 |     6 ||     7
       Dazzling Spray    |       |       |     1 ||     1
Evoke: Wand              |       |     1 |       ||     1
  Use: Potion            |       |     5 |     6 ||    11
       Scroll            |       |     8 |    10 ||    18
 Stab: Sleeping          |    19 |    44 |    52 ||   115
       Distracted        |     1 |       |       ||     1
       Confused          |       |     1 |     6 ||     7
